 Dungeon Crawl Stone Soup version 0.25.1-2-g60ff931df9 (webtiles) character file.

Game seed: 5477695591284309159

119 DogServant the Slasher (level 5, -9/41 HPs)
             Began as a Merfolk Gladiator on Nov 9, 2020.
             Mangled by a gnoll
             ... wielding a +2 halberd of holy wrath
              (11 damage)
             ... on level 4 of the Dungeon.
             The game lasted 00:02:39 (1528 turns).

DogServant the Slasher (Merfolk Gladiator)          Turns: 1528, Time: 00:02:40

Health: -9/41      AC:  4    Str: 15    XL:     5   Next: 3%
Magic:  5/5        EV: 14    Int:  7    God:
Gold:   28         SH:  0    Dex: 16    Spells: 4/4 levels left

rFire    . . .     SeeInvis .   a - +0 long sword
rCold    . . .     Gourm    .   (no shield)
rNeg     . . .     Faith    .   b - +0 leather armour
rPois    .         Spirit   .   c - +0 helmet
rElec    .         Reflect  .   (no cloak)
rCorr    .         Harm     .   (no gloves)
MR       .....                  (no boots)
Stlth    +.........             (no amulet)
HPRegen  0.13/turn              (no ring)
MPRegen  0.09/turn              (no ring)

@: no status effects
A: change form in water, swift swim, stealthy swim
a: no special abilities


You were on level 4 of the Dungeon.
You were not hungry.

You visited 1 branch of the dungeon, and saw 3 of its levels.

You collected 28 gold pieces.

Inventory:

Hand Weapons
 a - a +0 long sword (weapon)
Missiles
 d - 3 throwing nets
 i - 5 poisoned darts (quivered)
Armour
 b - a +0 leather armour (worn)
 c - a +0 helmet (worn)
Jewellery
 j - a cursed -4 ring of dexterity {unknown}
Scrolls
 k - a scroll of remove curse
Potions
 h - a potion of brilliance
Comestibles
 f - 5 rations


   Skills:
 + Level 3.5 Fighting
 * Level 4.9 Long Blades
 - Level 2.0 Throwing
 + Level 4.8 Dodging


You had 4 spell levels left.
You didn't know any spells.
Your spell library was empty.

Dungeon Overview and Level Annotations

Branches:
Dungeon (2/15)

Altars:
Elyvilon


Message History

The gnoll barely misses you.
Unknown command.
Okay, then.
It was a potion of heal wounds.
You feel much better.
The gnoll hits you from afar with a +0 spear.
The gnoll closely misses you.
The gnoll hits you from afar with a +0 halberd.
The gnoll shaman hits you with a cursed -2 whip.
The dart slug misses you.
The gnoll hits you from afar with a +2 halberd of holy wrath.
The gnoll throws a throwing net.
The throwing net closely misses you. The gnoll shaman barely misses you.
The gnoll closely misses you. The dart slug bites you.
The gnoll hits you from afar with a +2 halberd of holy wrath!
* * * LOW HITPOINT WARNING * * *
The gnoll hits you from afar with a +0 spear.
* * * LOW HITPOINT WARNING * * *
The gnoll hits you but does no damage.
The gnoll hits you from afar with a +2 halberd of holy wrath!
You die...

..... ..# #.. .
#... ..# #.##. #..
..### #.#..
##'#####.#.. #.#.#
#.gg.....#.# #.#.#
#gwg.....#.# #.#.#
#.ggg....#.####.#.#
#.gg.......g.gg....
#.@......#.####.#.#
########.#... #.#.#
#.####.#.#.# #.#
#.#.# #.# #.#.. #.#
#.### #.. #.#


You could see a gnoll shaman, 8 gnolls and a dart slug.

Vanquished Creatures
  A scorpion (D:2)
  4 adders
  3 worms (D:2)
  A dart slug (D:1)
  A giant cockroach (D:1)
  2 goblins (D:1)
  A hobgoblin (D:1)
  A ball python (D:1)
  2 bats
  A frilled lizard (D:1)
  6 kobolds
  3 rats
26 creatures vanquished.

Notes
Turn   | Place    | Note
-------+----------+-------------------------------------------
     0 | D:1      | DogServant the Merfolk Gladiator began the quest for the
                  | Orb.
     0 | D:1      | Reached XP level 1. HP: 16/16 MP: 1/1
   101 | D:1      | Reached XP level 2. HP: 20/23 MP: 2/2
   753 | D:2      | Noticed a scorpion
   762 | D:2      | Killed a scorpion
   762 | D:2      | Reached XP level 3. HP: 29/29 MP: 3/3
   762 | D:2      | Reached XP level 4. HP: 35/35 MP: 4/4
  1383 | D:2      | Found a white marble altar of Elyvilon.
  1483 | D:2      | You fall into a shaft and drop 2 floors!
  1507 | D:4      | Reached XP level 5. HP: 41/41 MP: 5/5
  1527 | D:4      | HP: 2/41 [gnoll/+0 spear (4)]
  1528 | D:4      | Mangled by a gnoll

Illustrated notes

Levels and vault maps discovered:
D:1:      heliophobic_arrival_glass_houses, layout_basic
D:2:      layout_basic, grunt_temple_overflow_cloverleaf, lemuel_round_altar
D:4:      layout_basic, overflow_temple_1_default, hangedman_feature_mirror

Skill      XL: |  1  2 |
---------------+-------+-----
Fighting       | 3 |  3.5
Long Blades    | 4 |  4.9
Throwing       | |  2.0
Dodging        | |  4.8

Action                   |  1- 3 |  4- 6 || total
-------------------------+-------+-------++-------
Melee: Long sword        |    42 |    53 ||    95
Throw: Dart              |     4 |    11 ||    15
       Throwing net      |       |     1 ||     1
  Use: Scroll            |       |     4 ||     4
       Potion            |       |     1 ||     1
  Eat: Chunk             |       |     2 ||     2
Armor: Leather armour    |    12 |    11 ||    23
Dodge: Dodged            |    34 |    46 ||    80
       Rpst.: Long sword |    13 |     7 ||    20
